 Dungeon Crawl Stone Soup version 0.29.1-12-g30fa7ad0bf (webtiles) character file.

Game seed: 11262394634130419485

9 Adverbial the Grave Robber (level 2, 7/13 HPs)
             Began as a Vine Stalker Necromancer on Jan 10, 2023.
             Quit the game on level 1 of the Dungeon.
             The game lasted 00:03:41 (367 turns).

Adverbial the Grave Robber (VSNe)                    Turns: 367, Time: 00:03:42

Health: 7/13       AC:  6    Str: 10    XL:     2   Next: 16%
Magic:  6/6        EV: 12    Int: 15    God:
Gold:   16         SH:  0    Dex: 20    Spells: 4/5 levels left

rFire   . . .      SeeInvis .   k - +0 hand axe
rCold   . . .      Faith    .   (no shield)
rNeg    . . .      Spirit   +   l - +3 leather armour
rPois   .          Reflect  .   (no helmet)
rElec   .          Harm     .   (no cloak)
rCorr   .          Rampage  .   (no gloves)
Will    .....                   (no boots)
Stlth   ++........              (no amulet)
HPRegen 0.04/turn               c - +6 ring of dexterity
MPRegen 0.10/turn               j - ring of wizardry

@: no status effects
A: fangs 2, magic shield, antimagic bite, no potion heal 2
a: no special abilities


You were on level 1 of the Dungeon.
You visited 1 branch of the dungeon, and saw 2 of its levels.

You collected 16 gold pieces.

Inventory:

Hand Weapons
 h - a +0 club
 k - a +0 hand axe (weapon)
Armour
 a - a +0 robe
 f - a +0 ring mail
 l - a +3 leather armour (worn)
Jewellery
 c - a +6 ring of dexterity (left hand)
 j - a ring of wizardry (right hand)
Scrolls
 d - a scroll of teleportation {unknown}
 e - a scroll of immolation {unknown}
Potions
 b - a potion of magic
 g - a potion of mutation {unknown}
 i - a potion of flight {unknown}


   Skills:
 + Level 1.7 Dodging
 + Level 2.4 Stealth
 + Level 2.2 Spellcasting
 + Level 4.3 Necromancy


You had 4 spell levels left.
You knew the following spells:

 Your Spells              Type           Power      Damage    Failure   Level
a - Necrotise             Necr           56%        1d6       1%          1

Your spell library contained the following spells:

 Spells                   Type           Power      Damage    Failure   Level
 Vampiric Draining        Necr           14%        2d7       6%          3
 Animate Dead             Necr           14%        N/A       19%         4
 Agony                    Necr           14%        N/A       45%         5


Dungeon Overview and Level Annotations

Branches:
Dungeon (2/15)

Altars:


Innate Abilities, Weirdness & Mutations

You have extremely sharp teeth.
When hurt, damage is shared between your health and your magic reserves.
Your bite disrupts and absorbs the magic of your enemies.
Potions cannot restore your health.


Message History

The bat closely misses you. The bat hits you.
The bat hits you but does no damage. The bat misses you. The bat hits you.
You completely miss the bat. You bite the bat, but do no damage.
The bat hits you. The bat closely misses you. The bat closely misses you.
The bat closely misses you. The bat barely misses you.
The bat closely misses you. The bat hits you but does no damage.
The bat hits you but does no damage. The bat hits you but does no damage.
The bat barely misses you. The bat hits you but does no damage.
The bat barely misses you.
You miss the bat. The bat hits you but does no damage.
The bat completely misses you.
You hit the bat but do no damage. The bat hits you but does no damage.
The bat barely misses you. The bat closely misses you.
The bat barely misses you. The bat closely misses you.
You miss the bat. The bat hits you but does no damage.
The bat closely misses you.
You miss the bat. The bat hits you but does no damage.
The bat closely misses you. The bat barely misses you.
The bat hits you but does no damage. The bat misses you. The bat misses you.
The bat barely misses you. The bat hits you but does no damage.
The bat hits you but does no damage. The bat barely misses you.
There is a stone staircase leading up here.
The bat barely misses you.
You climb upwards.
There is a stone staircase leading down here.
Are you sure you want to abandon this character and quit the game? (Confirm with "yes".)
Okay, then.
Are you sure you want to abandon this character and quit the game? (Confirm with "yes".)

#.#
#...######...#
####.###.....#
#..#
#.........#..#
#.##.†###....#
#.##..# ####.#
###.#.†.######.#
#..............#
#.#....)..###..#
#...@....#
#.........#
#.#...##..# ##
#.#...# ..# #.
#.##### ..# #.
.# .. .# .. .#


There were no monsters in sight!

Vanquished Creatures
  5 ball pythons
  A goblin (D:1)
  A hobgoblin (D:1)
  2 frilled lizards (D:1)
9 creatures vanquished.

Vanquished Creatures (collateral kills)
  2 rats (D:1)
2 creatures vanquished.

Grand Total: 11 creatures vanquished

Notes
Turn   | Place    | Note
-------+----------+-------------------------------------------
     0 | D:1      | Adverbial the Vine Stalker Necromancer began the quest for
                  | the Orb.
     0 | D:1      | Reached XP level 1. HP: 9/9 MP: 4/4
   266 | D:1      | Reached XP level 2. HP: 13/13 MP: 4/6
   318 | D:2      | Found a faded altar of an unknown god.
   367 | D:1      | Quit the game

Illustrated notes

Levels and vault maps discovered:
D:1:      lemuel_arrival_lava_pool, layout_loops_ring
D:2:      layout_rooms, chequers_ecumenical_altar_simple, uniq_jessica

Action                   || total
-------------------------++-------
Melee: Club              ||     4
       Hand axe          ||     9
       Bite              ||     2
 Cast: Necrotise         ||     9
Armor: Robe              ||     2
       Leather armour    ||    22
Dodge: Dodged            ||    37
